 Dungeon Crawl Stone Soup version 0.28-a0-1624-g820543e53a (webtiles) character file.

Game seed: 7952874140935075928

8 HallandMoats the Skirmisher (level 2, -1/26 HPs)
             Began as a Ghoul Fighter on Jan 23, 2022.
             Was a Follower of Kikubaaqudgha.
             Slain by a kobold (3 damage)
             ... on level 1 of the Dungeon.
             The game lasted 00:00:24 (190 turns).

HallandMoats the Skirmisher (Ghoul Fighter)          Turns: 190, Time: 00:00:25

Health: -1/26      AC:  6    Str: 19    XL:     2   Next: 8%
Magic:  1/1        EV:  9    Int:  3    God:    Kikubaaqudgha [*.....]
Gold:   5          SH:  4    Dex:  8    Spells: 1/1 levels left

rFire   . . .      SeeInvis .   a - +0 flail
rCold   + . .      Faith    .   c - +0 buckler
rNeg    + + +      Spirit   .   b - +0 scale mail
rPois   ∞          Reflect  .   (no helmet)
rElec   .          Harm     .   (no cloak)
rCorr   .          Rampage  .   (no gloves)
Will    .....                   (no boots)
Stlth   ..........              (no amulet)
HPRegen 0.00/turn               (no ring)
MPRegen 0.07/turn               (no ring)

@: inhibited regen
A: claws 1, cold resistance 1, negative energy resistance 3, inhibited
regeneration, torment resistance 2
a: Renounce Religion, Receive Corpses


You were on level 1 of the Dungeon.
You worshipped Kikubaaqudgha.
Kikubaaqudgha was aware of your devotion.
You visited 1 branch of the dungeon, and saw 1 of its levels.

You collected 5 gold pieces.

Inventory:

Hand Weapons
 a - a +0 flail (weapon)
Armour
 b - a +0 scale mail (worn)
 c - a +0 buckler (worn)
Potions
 d - a potion of might
 e - a potion of lignification {unknown}


   Skills:
 * Level 3.4 Fighting
 - Level 1.7 Maces & Flails
 + Level 2.8 Armour
 + Level 0.2 Dodging
 + Level 2.7 Shields
 * Level 0.7 Invocations


You had one spell level left.
You didn't know any spells.
Your spell library contained the following spells:

 Spells                   Type           Power      Damage    Failure   Level
 Animate Skeleton         Necr           0%         N/A       94%         1
 Pain                     Necr           0%         1d4       94%         1
 Corpse Rot               Necr/Air       0%         N/A       98%         2
 Vampiric Draining        Necr           0%         2d6       100%        3


Dungeon Overview and Level Annotations

Branches:
Dungeon (1/15)

Altars:
Kikubaaqudgha


Innate Abilities, Weirdness & Mutations

You thrive by killing the living.
You are immune to poison.
You have sharp fingernails.
Your flesh is cold resistant. (rC+)
You are immune to negative energy. (rN+++)
You do not regenerate when monsters are visible.
You are immune to unholy pain and torment.


Message History

You are too injured to fight recklessly!
Unknown command.
Press < or > to pray at altars.
You are too injured to fight recklessly!
Unknown command.
Press < or > to pray at altars.
You are too injured to fight recklessly!
The bat barely misses you. The quokka bites you.
The kobold hits you with a +0 club.
* * * LOW HITPOINT WARNING * * *
The quokka bites you but does no damage.
You block the bat's attack. The kobold hits you with a +0 club.
* * * LOW HITPOINT WARNING * * *
You block the bat's attack. The bat misses you. The quokka barely misses you.
The kobold hits you but does no damage. You block the quokka's attack.
The bat misses you. You block the kobold's attack.
The quokka bites you but does no damage.
You block the quokka's attack. The kobold hits you but does no damage.
The bat completely misses you. The bat barely misses you.
The quokka barely misses you. You block the kobold's attack.
You block the bat's attack.
The quokka bites you but does no damage.
The kobold barely misses you. The bat hits you but does no damage.
The quokka barely misses you. The kobold hits you but does no damage.
The quokka bites you but does no damage.
The kobold hits you but does no damage.
The quokka bites you but does no damage.
You block the bat's attack. The bat closely misses you.
The quokka barely misses you. You block the kobold's attack. The bat hits you.
* * * LOW HITPOINT WARNING * * *
You block the bat's attack. The quokka barely misses you.
The kobold hits you with a +0 club.
* * * LOW HITPOINT WARNING * * *
The bat hits you but does no damage. The quokka closely misses you.
The kobold hits you with a +0 club.
You die...
Kikubaaqudgha rasps: "You have failed me!
Welcome... oblivion!"

#...##.### .......
.......................
#..#.#.###♣..∩..∩..♣.. .
#..#...# #..............
#..##..###.............#
........#.∩..8..∩..♣..♣#
#..##...##.............#
#..##............b.....#
#.#.......∩..♣.K@..♣..∩
...........†...r.......#
#.#..................$.#
#.#.......∩..∩..∩..∩..8.
..........##..#.#.##.###
#####.............# .#
...............# #
##.#.##.#....###
#....#.#


You could see a quokka, a bat and a kobold.

Vanquished Creatures
  A dart slug (D:1)
  2 hobgoblins (D:1)
  A kobold (D:1)
  A quokka (D:1)
5 creatures vanquished.

Notes
Turn   | Place    | Note
-------+----------+-------------------------------------------
     0 | D:1      | HallandMoats the Ghoul Fighter began the quest for the Orb.
     0 | D:1      | Reached XP level 1. HP: 19/19 MP: 0/0
   157 | D:1      | Found a faded altar of an unknown god.
   161 | D:1      | Reached XP level 2. HP: 25/26 MP: 1/1
   178 | D:1      | Prayed at the altar of an unknown god.
   178 | D:1      | Became a worshipper of Kikubaaqudgha
   178 | D:1      | Reached * piety under Kikubaaqudgha
   178 | D:1      | Received a gift from Kikubaaqudgha
   190 | D:1      | Slain by a kobold

Illustrated notes

Levels and vault maps discovered:
D:1:      dpeg_arrival_stonehenge_8_columns, layout_basic,
          hellmonk_ecumenical_altar_arch_garden

Action                   || total
-------------------------++-------
Melee: Flail             ||    21
Armor: Scale mail        ||    46
Dodge: Dodged            ||    38
Block: Buckler           ||    24

Table legend: (Time is in decaauts)
 A = Elapsed time spent in this place.
 B = Non-inter-level travel time spent in this place.
 C = Inter-level travel time spent in this place.
 D = Time resting spent in this place.
 E = Time spent auto-exploring this place.
 F = Levels seen in this place.
 G = Mean time per level.
                   A        B        C        D        E       F      G
               +--------+--------+--------+--------+--------+-----+--------+
         Total |    197 |    197 |      0 |      0 |    141 |   1 |  197.0 |
       Dungeon |    197 |    197 |      0 |      0 |    141 |   1 |  197.0 |
               +--------+--------+--------+--------+--------+-----+--------+

Top non-repeatable levels by time:
     D:1: 197 daAuts
